 Dungeon Crawl Stone Soup version 0.19-a0-1277-g7cecae3 (webtiles) character file.

51 Redz the Stinger (level 3, -2/20 HPs)
             Began as a Gargoyle Venom Mage on Aug 30, 2016.
             Slain by a worm (10 damage)
             ... on level 2 of the Dungeon.
             The game lasted 00:08:51 (1422 turns).

Redz the Stinger (Gargoyle Venom Mage)              Turns: 1422, Time: 00:08:52

Health: -2/20      AC:  5    Str: 11    XL:     3   Next: 81%
Magic:  1/6        EV: 12    Int: 16    God:
Gold:   77         SH:  0    Dex: 10    Spells: 2 memorised, 2 levels left

rFire  . . .     SeeInvis .     l - +0 club
rCold  . . .     Gourm    .     a - +0 robe
rNeg   + . .     Faith    .     (no shield)
rPois  ∞         Spirit   .     (no helmet)
rElec  +         Dismiss  .     (no cloak)
rCorr  .         Reflect  .     (no gloves)
MR     .....     Harm     .     (no boots)
Stlth  ++........               (no amulet)
                                (no ring)
                                (no ring)

@: no status effects
A: negative energy resistance 1, electricity resistance, unbreathing,
petrification resistance, rot immunity, AC +3
a: no special abilities


You were on level 2 of the Dungeon.
You were not hungry.

You visited 1 branch of the dungeon, and saw 2 of its levels.

You collected 77 gold pieces.

Inventory:

Hand Weapons
 l - a +0 club (weapon)
Armour
 a - a +0 robe (worn)
Jewellery
 f - a +5 ring of protection {unknown}
Scrolls
 d - 2 scrolls of random uselessness {unknown}
 e - a scroll of teleportation {unknown}
 g - 4 scrolls of identify {unknown}
 h - a scroll of fear {unknown}
 i - a scroll of recharging {unknown}
Potions
 k - 3 potions of curing {unknown}
Books
 b - a Young Poisoner's Handbook

   Spells                             Type                      Level
   a - Sting                          Conjuration/Poison           1
   b - Mephitic Cloud                 Conjuration/Poison/Air       3
   c - Olgreb's Toxic Radiance        Poison                       4
   d - Alistair's Intoxication        Transmutation/Poison         5
   e - Venom Bolt                     Conjuration/Poison           5
Comestibles
 c - 3 bread rations
 j - a meat ration
 m - 2 chunks of flesh


   Skills:
 * Level 1.3 Fighting
 + Level 0.0 Maces & Flails
 + Level 0.4 Armour
 + Level 1.8 Dodging
 + Level 2.2 Stealth
 - Level 0.2 Unarmed Combat
 + Level 2.2 Spellcasting
 + Level 0.4 Conjurations
 + Level 4.5 Poison Magic


You had 2 spell levels left.
You knew the following spells:

 Your Spells              Type           Power        Failure   Level  Hunger
a - Sting                 Conj/Pois      #...         10%         1    #......
b - Mephitic Cloud        Conj/Pois/Air  #.......     34%         3    ###....


Dungeon Overview and Level Annotations

Branches:
Dungeon (2/15)

Altars:


Innate Abilities, Weirdness & Mutations

You are resistant to torment.
Your stone body is resilient. (AC +3)
You are immune to poison.
You resist negative energy. (rN+)
You are resistant to electric shocks. (rElec)
You can survive without breathing.
You are immune to petrification.
You are immune to rotting.


Message History

Casting: Mephitic Cloud
Confirm with . or Enter, or press ? or * to list all spells.
Aiming: Mephitic Cloud
Press: ? - help, Shift-Dir - straight line, p - worm The ball explodes into a vile cloud!
The stinking cloud engulfs the worm.
The worm is moderately wounded.
The worm is engulfed in noxious fumes.
You hit the worm but do no damage.
The worm is moderately wounded.
You hit the worm.
The worm is heavily wounded.
The worm bites you.
You hit the worm.
The worm is severely wounded.
The worm bites you.
You hit the worm but do no damage.
The worm is severely wounded.
The worm bites you!
Ouch! That really hurt!
You die...

#.....# ###### #.####.##.
#######.....# #..<.# #...##....
#...........# #....# ###.#####.
#...........###....######.# #.
#......##..........#......#####.
#......##.......................
#.....)##..........#.....#####..
#......##......w...#.....'...#..
#....).##......@##.#.....###.#..
##...<..##.#####.##.#..>..###.#..
.........#.# #.##.########.....
.#######.#.# #.##.# #..>.# .#
#.#.# #....# #....' .#
###.#<########## #....# .#
#...#.......####### ##.... .#
#.#########.......# #####
.#####.# #.......#


You could see a worm.

Vanquished Creatures
  An adder (D:2)
  4 worms
  A dart slug (D:1)
  A giant gecko (D:1)
  A ball python (D:2)
  2 giant cockroaches (D:2)
  3 goblins (D:1)
  3 hobgoblins
  2 bats
  A giant newt (D:1)
  4 kobolds
  7 rats
30 creatures vanquished.

Notes
Turn   | Place    | Note
-------+----------+-------------------------------------------
     0 | D:1      | Redz the Gargoyle Venom Mage began the quest for the Orb.
     0 | D:1      | Reached XP level 1. HP: 10/10 MP: 3/3
    89 | D:1      | Reached XP level 2. HP: 14/15 MP: 0/5
   724 | D:2      | Reached XP level 3. HP: 19/19 MP: 0/6
   851 | D:2      | Reached skill level 1 in Fighting
   998 | D:2      | Learned a level 3 spell: Mephitic Cloud
  1422 | D:2      | Slain by a worm

Vault maps used:
D:1:      dpeg_arrival_renting, serial_glass, glass_columns_c, glass_columns_a
D:2:      first_bread

Skill      XL: |  1  2  3 |
---------------+----------+-----
Fighting       | 1 |  1.3
Armour         | |  0.4
Dodging        | |  1.8
Stealth        | |  2.2
Unarmed Combat | |  0.2
Spellcasting   | |  2.2
Conjurations   | |  0.4
Poison Magic   | |  4.5

Action                   || total
-------------------------++-------
Melee: Unarmed           ||    27
       Club              ||    23
 Cast: Sting             ||    73
       Mephitic Cloud    ||     4
 Stab: Sleeping          ||     2
       Confused          ||     4
  Eat: Chunk             ||     3
Armor: Robe              ||    12
Dodge: Dodged            ||    28
